[Event "Budapest Chess Festival 2024"]
[Site "Budapest"]
[Date "2024.05.24"]
[Round "2.16"]
[White "Visakh N R"]
[Black "Palczert, Matyas"]
[Result "1-0"]
[ECO "D31"]
[WhiteElo "2511"]
[BlackElo "2332"]
[Annotator "TA"]
[PlyCount "145"]
[EventDate "2024.05.20"]
[EventType "swiss"]
[EventCountry "HUN"]
[SourceTitle "playchess.com"]
[Source "ChessBase"]
[SourceQuality "1"]
[TimeControl "40/5400+30:1800+30"]

1. d4 d5 2. c4 e6 3. Nc3 h6 4. cxd5 exd5 5. Bf4 Nf6 6. e3 Bd6 7. Bxd6 Qxd6 8. Bd3 O-O 9. Nge2 c6 10. Qd2 Re8 11. O-O Qe7 12. Rae1 Nbd7 13. Ng3 Nb6 14. f3 Be6 15. Nce2 c5 16. dxc5 Nc4 17. Qc1 Qxc5 18. Nd4 Rac8 19. b3 Ne5 20. Qxc5 Rxc5 21. Bb1 Nc6 22. Nge2 Nxd4 23. Nxd4 Rec8 24. g4 a6 25. Kf2 Nd7 26. Rg1 Nb8 27. e4 Nc6 28. Nxe6 fxe6 29. exd5 exd5 30. g5 h5 31. Bg6 Nd4 32. Kg3 (32. Bxh5 Rc2+ 33. Kg3 (33. Ke3 $2 Ne6 $19) 33... Ne2+ (33... Rxa2 34. Bg4 $11) 34. Rxe2 Rxe2 $17) 32... Rf8 33. Bxh5 Rc3 34. Rgf1 Nf5+ 35. Kh3 Ne3 36. Rf2 Rf5 37. Rg1 Kf8 (37... Kh7 $11 {keeps the balance.}) 38. Bg6 $16 Re5 39. Rd2 Ke7 40. Rd3 Rc8 $2 ({Black should play} 40... Rxd3 $1 $14 41. Bxd3 d4) 41. f4 $18 Re6 {[%emt 0:02:55] [#]} 42. Kg3 $1 Rc5 43. h4 Nc2 44. Bf5 Re3+ 45. Kg4 d4 $2 (45... Re2 {was necessary.} 46. h5 (46. Rgg3 d4 $18) 46... d4) 46. Rdd1 ({Don't go for} 46. h5 $2 Rxf5 47. Rd2 Rc5 $19) 46... Rxf5 47. Kxf5 Re6 48. Kg4 Ne3+ 49. Kf3 Nxd1 50. Rxd1 Re3+ 51. Kg4 d3 52. Kf5 Kf7 53. h5 Rh3 54. Ke4 Rxh5 55. Rxd3 (55. Kxd3 Rh2 56. Rd2 Rh1 $11) 55... Ke6 56. Rc3 Kd6 (56... Rh1 $142 57. Rc7 (57. f5+ Kd6 $18) 57... Re1+ 58. Kf3 Rf1+ 59. Ke3 Re1+ 60. Kf2 Ra1 61. Rxg7 (61. Rxb7 Kf5 $18) 61... Rxa2+ 62. Kf3 b5 63. Rg6+ Kd7) 57. Kf5 $18 Rh4 58. Rf3 Ke7 59. Kg6 Kf8 60. Rc3 Rxf4 61. Rc8+ Ke7 62. Rc7+ Kf8 63. Rc8+ Ke7 64. Kxg7 Rf2 65. Rc7+ Ke8 66. Rxb7 Rxa2 67. g6 Rh2 68. Kg8 a5 69. Rb5 Rh3 70. Rxa5 Rxb3 71. Re5+ Kd7 72. g7 Kd6 73. Rh5 1-0

[Event "Budapest Chess Festival 2024"]
[Site "Budapest"]
[Date "2024.05.24"]
[Round "2.17"]
[White "Jeet, Jain"]
[Black "Vetoshko, Volodymyr"]
[Result "0-1"]
[ECO "C54"]
[WhiteElo "2332"]
[BlackElo "2505"]
[Annotator "TA"]
[PlyCount "76"]
[EventDate "2024.05.20"]
[EventType "swiss"]
[EventCountry "HUN"]
[SourceTitle "playchess.com"]
[Source "ChessBase"]
[SourceQuality "1"]
[TimeControl "40/5400+30:1800+30"]

1. e4 e5 2. Nf3 Nc6 3. Bc4 Bc5 4. c3 Nf6 5. d3 d6 6. O-O h6 7. b4 Bb6 8. a4 {[%emt 0:00:01] Threatens to win with a5.} a5 9. b5 Ne7 10. Be3 Bxe3 {[%emt 0:04:29] The position is equal.} 11. fxe3 O-O 12. Qe1 c6 13. Qg3 Ng4 14. Ne1 (14. Re1 $11) 14... d5 $15 15. Bb3 {[%emt 0:02:47] [#] White is on the road to losing.} (15. Ba2 $15 Qb6 16. Nc2) 15... Qb6 $1 $17 16. Nc2 dxe4 (16... cxb5 17. h3 Nf6 (17... bxa4 18. Bxd5 Nxd5 19. exd5 $15) 18. Qxe5 bxa4 19. Bxd5 Nexd5 20. exd5 $15) 17. dxe4 cxb5 18. h3 (18. Nba3 {might work better.}) 18... Nf6 19. axb5 Qxb5 ({Less strong is} 19... Nxe4 20. Qxe5 Nc5 21. Nd2 Nxb3 22. Nxb3 $17) 20. Nd2 {[%emt 0:03:53] [#]} Nxe4 21. Nxe4 {[%emt 0:10:05][%cal Ob3f7] Hoping for Bxf7+!} Qxb3 22. Qxe5 {[%emt 0:00:26] Nd4 would now be deadly.} (22. Nf6+ Kh8 23. Nh5 Ng6 $19 (23... Qxc2 24. Qxg7#)) 22... Ng6 23. Nd4 Nxe5 24. Nxb3 {[%emt 0:00:02] Excellent horsemanship.} b6 25. Rfb1 Bf5 26. Nbd2 Rfe8 27. Rxb6 $2 {[%emt 0:00:54] [#]} (27. Ra4) 27... Bxe4 $1 $19 {[%emt 0:00:19] Black is clearly winning.} 28. Rb5 Bd3 29. Rbxa5 Rxa5 30. Rxa5 Nc4 31. Nxc4 Bxc4 {[%emt 0:00:04][%mdl 4096] Endgame. KRB-KR} 32. Kf2 Rc8 33. Ra1 Bd5 34. Rc1 Ra8 35. g4 (35. Rc2 $142) 35... Ra2+ 36. Kg3 g5 37. h4 Rg2+ 38. Kh3 Re2 {[%emt 0:00:18] Weighted Error Value: White=0.37/Black=0.05 (flawless) .  Mistake:       	White=5     	---        OK:         	White=7     	Black=14     Best:        	White=1     	Black=2      Strong:       	---       	Black=2} 0-1

[Event "Budapest Chess Festival 2024"]
[Site "Budapest"]
[Date "2024.05.24"]
[Round "2.18"]
[White "Popovic, Dusan"]
[Black "Citak, Selim"]
[Result "1/2-1/2"]
[ECO "A06"]
[WhiteElo "2486"]
[BlackElo "2327"]
[Annotator "TA"]
[PlyCount "119"]
[EventDate "2024.05.20"]
[EventType "swiss"]
[EventCountry "HUN"]
[SourceTitle "playchess.com"]
[Source "ChessBase"]
[SourceQuality "1"]
[TimeControl "40/5400+30:1800+30"]

1. Nf3 d5 2. g3 Nf6 3. Bg2 c5 4. O-O e6 5. d3 Nc6 6. a4 Be7 7. Bf4 O-O 8. e4 dxe4 9. dxe4 Qxd1 10. Rxd1 Nxe4 11. Ne5 Nxe5 12. Bxe5 f5 13. Nd2 Nd6 14. a5 Nf7 15. Bc7 {[%emt 0:07:59] [#] aiming for a6.} Bd8 $1 16. Bxd8 Rxd8 17. Nb3 Rxd1+ 18. Rxd1 c4 19. Nc5 Rb8 20. Nd7 $1 {[%emt 0:03:26] White has more active pieces.} Bxd7 21. Rxd7 $14 {[%emt 0:00:01][%mdl 4096] Endgame. KRB-KRN} Ne5 22. Re7 (22. Rxb7 Rxb7 23. Bxb7 Kf8 $11) 22... Nc6 23. Rxe6 Nxa5 24. Re5 Nc6 25. Rc5 (25. Rxf5 $16 {White wants to play Rc5.} Nd4 26. Bd5+ Kh8 27. Rf7) 25... Rd8 (25... g6 $11 {remains equal.}) 26. Bd5+ ({But not} 26. Rxf5 Rd1+ 27. Bf1 Nd4 $11) 26... Kf8 27. Bxc6 ({Much weaker is} 27. Bxc4 g6 $14) 27... bxc6 28. Rxf5+ $16 {[%emt 0:00:45] KR-KR} ({Much less strong is} 28. Rxc6 Rb8 $16) 28... Ke7 29. Ra5 (29. Rc5 $14) 29... Rd7 (29... Rd2 $11) 30. c3 (30. Rc5 $14) 30... Rb7 $11 31. Ra2 g5 32. f3 Kd6 33. Kf2 h6 34. Ke3 Kd5 35. g4 Re7+ 36. Kf2 Rb7 37. Ke3 Re7+ 38. Kf2 Rb7 39. h3 Rb5 40. Kg3 a5 41. h4 Ke5 {[%emt 0:06:04] [#] And now ...gxh4+ would win.} 42. hxg5 hxg5 {[%emt 0:00:06] The position is equal.} 43. Ra1 Kf6 44. Rb1 Rb3 45. f4 gxf4+ 46. Kxf4 Rb5 47. Rd1 Rxb2 48. Rd6+ Ke7 49. Rxc6 Rc2 50. Rxc4 a4 51. Kg5 a3 52. Kg6 Rc1 {[%emt 0:00:52] ( -> ...a2)} 53. Ra4 Rxc3 54. g5 Kd6 55. Kh5 Kc5 56. g6 Rg3 57. Kh6 Kb5 58. Ra8 Kb4 59. g7 Kb3 60. g8=Q+ {Weighted Error Value: White=0.07 (flawless) /Black=0.08 (flawless) .  Mistake:       	White=3     	Black=2      Inaccurate:     	White=1     	Black=3      OK:         	White=24    	Black=25     Best:        	White=2     	Black=1      Strong:       	White=1     	Black=1} 1/2-1/2

[Event "Budapest Chess Festival 2024"]
[Site "Budapest"]
[Date "2024.05.24"]
[Round "2.19"]
[White "Emanuel, Yahav"]
[Black "Costa, Leonardo"]
[Result "0-1"]
[ECO "C95"]
[WhiteElo "2317"]
[BlackElo "2486"]
[Annotator "TA"]
[PlyCount "86"]
[EventDate "2024.05.20"]
[EventType "swiss"]
[EventCountry "HUN"]
[SourceTitle "playchess.com"]
[Source "ChessBase"]
[SourceQuality "1"]
[TimeControl "40/5400+30:1800+30"]

1. e4 e5 2. Nf3 Nc6 3. Bb5 a6 4. Ba4 Nf6 5. O-O Be7 6. Re1 b5 7. Bb3 d6 8. c3 O-O 9. h3 Nb8 10. d4 Nbd7 11. Nbd2 c5 12. Nf1 Re8 13. Ng3 Bf8 14. dxe5 {[%emt 0:12:41] The position is equal.} dxe5 15. Nf5 c4 16. Bc2 Qc7 {[%emt 0:07:52] Dodges Nd6} 17. Nh2 Nc5 18. Qf3 Bxf5 19. Qxf5 Qc8 20. Qf3 Qe6 21. Ng4 Nxg4 22. hxg4 Rad8 23. Rb1 a5 24. b3 cxb3 25. Bxb3 (25. axb3 $15 a4 26. b4 (26. bxa4 bxa4 27. g3 Rb8 $17)) 25... Nxb3 $17 26. axb3 a4 {[%emt 0:01:51] Black is more active.} 27. c4 Rb8 28. Bd2 axb3 (28... bxc4 29. bxa4 Qd7 30. Bc3 $15) 29. Qxb3 bxc4 ({Black should try} 29... Rbd8 $1 $17 30. Be3 bxc4 (30... Qxg4 31. cxb5 g6 32. b6 $18)) 30. Qxb8 $15 Rxb8 31. Rxb8 {[%emt 0:00:06] [#] Hoping for Ra1.} Qd6 $1 (31... Qxg4 $2 {is the wrong capture.} 32. Bb4 g5 33. Bxf8 $18) 32. Rb2 Qd4 33. Rc2 (33. Bc1 $15) 33... Qd3 $17 34. Rec1 Ba3 $36 {[%emt 0:01:30][%mdl 2048] Black is really pushing.} ({Inferior is} 34... Qxe4 35. Rxc4 Qd5 36. Be3 $14) 35. Ra2 (35. Rxc4 $142 Qxd2 36. Rc8+ Bf8 37. Rb1) 35... h5 $19 36. Rxa3 (36. Rca1 $142 Bc5 (36... hxg4 37. Rxa3 Qxd2 38. R3a2 $17) 37. gxh5) 36... Qxa3 37. gxh5 {[%emt 0:00:33][%mdl 4096] Endgame. KQ-KRB} Qd3 38. Be3 Qxe4 {[%emt 0:00:15] aiming for ...Qd3.} 39. h6 (39. Bd2 {was forced.}) 39... gxh6 40. Bxh6 {[%emt 0:00:00] [#]} c3 $1 {[%emt 0:00:00] Prevents Bd2.} 41. f3 (41. Be3 c2) 41... Qd4+ 42. Kf1 Kh7 43. Bg5 Kg6 {[%emt 0:00:26] Weighted Error Value: White=0.90/Black=0.13 (very precise) .  Mistake:       	White=5     	Black=1      Inaccurate:     	White=6     	Black=1      OK:         	White=6     	Black=11     Best:        	White=1     	Black=2      Strong:       	---       	Black=1} 0-1

[Event "Budapest Chess Festival 2024"]
[Site "Budapest"]
[Date "2024.05.24"]
[Round "2.20"]
[White "Sokolovsky, Yahli"]
[Black "Horvath, David"]
[Result "1-0"]
[ECO "C02"]
[WhiteElo "2484"]
[BlackElo "2313"]
[Annotator "TA"]
[PlyCount "53"]
[EventDate "2024.05.20"]
[EventType "swiss"]
[EventCountry "HUN"]
[SourceTitle "playchess.com"]
[Source "ChessBase"]
[SourceQuality "1"]
[TimeControl "40/5400+30:1800+30"]

1. e4 e6 2. d4 d5 3. e5 c5 4. c3 Nc6 5. Nf3 Nge7 6. Na3 cxd4 7. cxd4 Nf5 8. Nc2 Qb6 9. Bd3 Bd7 10. O-O Rc8 11. g4 {[%emt 0:05:40] White is slightly better.} Nfe7 {[%emt 0:09:19] [#]} (11... Nfxd4 $6 12. Nfxd4 Nxe5 (12... Nxd4 $2 13. Be3 $18) 13. Be2 $16) 12. b4 $1 Ng6 (12... h5 13. h3) 13. Rb1 Be7 14. Bd2 f6 15. b5 Nxd4 16. Bxg6+ $16 (16. Nfxd4 fxe5 17. Bxg6+ hxg6 $14) 16... hxg6 17. Ncxd4 {[%emt 0:00:13][%cal Bc2d4,Bd4e2,Be2g3][%mdl 32] [#] Black must now prevent Bb4.} (17. Nfxd4 fxe5 18. Ne2 (18. Nf3 e4 $17) 18... Bd6 $14) 17... fxe5 18. Ne2 (18. Nxe5 $6 Qxd4 19. Nxg6 Rh3 20. Nxe7 Rc4 $11) 18... Bd6 19. Be3 Qd8 (19... Qa5 $142) 20. Bg5 (20. Bxa7 $2 {too greedy.} e4 21. Ng3 exf3 22. Qxf3 Qh4 $19) ({White should play} 20. Ng5) 20... Qb6 21. Nh4 Rc4 22. Ng3 O-O (22... Rh7 $142 23. Rb3 (23. Nxg6 Kf7 $16) 23... Qc5 24. Nxg6 Kf7) 23. Nxg6 $18 Rf7 (23... Rfc8 24. Ne7+ Bxe7 25. Bxe7 Rc2) 24. Qe2 (24. Be3 $142 d4 25. Bd2) 24... Qc7 25. Bd2 ({Don't play} 25. Rfc1 Bxb5 26. Qe3 Bd7) (25. a4 $18 {And now Rbc1 would win.} Rxa4 26. Rbc1) 25... Rf6 $16 26. Nh4 {[%emt 0:00:26] Strongly threatening g5.} Qc5 $2 (26... Rf8 $16 {was necessary.} 27. Kg2 Ra4) 27. g5 {[%emt 0:00:53] Weighted Error Value: White=0.28 (precise) /Black=0.41.  Loses game:     	---       	Black=1      Mistake:       	White=3     	Black=4      Inaccurate:     	White=2     	Black=3      OK:         	White=11    	Black=5      Best:        	White=1     	Black=2} 1-0

[Event "Budapest Chess Festival 2024"]
[Site "Budapest"]
[Date "2024.05.25"]
[Round "3.1"]
[White "Sokolovsky, Yahli"]
[Black "Aryan Chopra"]
[Result "1/2-1/2"]
[ECO "B06"]
[WhiteElo "2484"]
[BlackElo "2641"]
[Annotator "TA"]
[PlyCount "111"]
[EventDate "2024.05.20"]
[EventType "swiss"]
[EventCountry "HUN"]
[SourceTitle "playchess.com"]
[Source "ChessBase"]
[SourceQuality "1"]
[TimeControl "40/5400+30:1800+30"]

1. e4 g6 2. d4 Bg7 3. Nf3 d6 4. Be3 Nf6 5. Nc3 a6 6. Bd3 {[%emt 0:04:40] B08: Pirc Defence: Classical System.} O-O 7. Qd2 Nc6 8. d5 Ne5 9. Nxe5 dxe5 10. f3 e6 11. Bc4 b5 $146 ({Predecessor:} 11... exd5 12. Nxd5 Nxd5 13. Bxd5 Be6 14. O-O-O Bxd5 15. Qxd5 Qxd5 16. Rxd5 Rfd8 17. Rhd1 Rxd5 18. Rxd5 {0-1 Shalimov,V (2478)-Matjushin,G (2416) Mariupol op 2003 (7)}) 12. Bb3 exd5 13. Nxd5 Re8 14. Qc3 Bb7 15. Nxc7 Rc8 16. Bxf7+ Kh8 17. Bxe8 Rxc7 18. Bb6 Nxe8 19. Bxc7 Nxc7 20. Rd1 Qh4+ 21. Kf1 Qe7 22. Qd2 Bf8 23. Qd7 Qc5 24. Qf7 Bc8 25. Rd8 Ne6 26. Re8 h5 27. c3 h4 28. g3 (28. Qxg6 Qe3 $14) (28. Ke2 $142 h3 29. g3 (29. Rxe6 Bxe6 30. Qxe6 Bh6 $18) (29. gxh3 b4 $18)) 28... Qe3 $18 29. Rxc8 Qc1+ 30. Ke2 (30. Kf2 Qd2+ 31. Kf1 Qd1+ 32. Kf2 Qd2+ 33. Kf1 Qd1+ 34. Kf2 Qd2+ $11) 30... Qxh1 31. Qf6+ $2 (31. Qxe6 Qg2+ 32. Ke1 Qg1+ 33. Ke2 Qg2+ 34. Ke1 Qg1+ 35. Ke2 Qg2+ $11) (31. gxh4 $2 Nf4+ $19) (31. Rxf8+ $18 Nxf8 32. Qxf8+ Kh7 33. Qe7+ (33. gxh4 Qg2+ 34. Kd1 Qf1+ 35. Kc2 Qe2+ 36. Kb3 Qc4+ 37. Kc2 Qe2+ 38. Kb3 Qc4+ 39. Kc2 Qe2+ $11) 33... Kg8 34. Qe6+ (34. Qxh4 Qg2+ 35. Ke3 Qg1+ 36. Ke2 Qg2+ 37. Ke3 Qg1+ 38. Ke2 Qg2+ $11) (34. Qxe5 Qxh2+ 35. Kd3 hxg3 $11) (34. gxh4 Qg2+ 35. Ke1 Qg1+ 36. Ke2 Qg2+ 37. Ke3 Qg1+ 38. Ke2 Qg2+ $11) 34... Kh7 35. Qe7+ (35. Qxe5 Qxh2+ 36. Kd3 hxg3 $11) (35. gxh4 Qg2+ 36. Ke3 Qg1+ 37. Kd2 Qf2+ 38. Kc1 Qxf3 $16) 35... Kg8 36. Qe6+ (36. Qxh4 Qg2+ 37. Ke3 Qg1+ 38. Kd3 Qd1+ 39. Ke3 Qe1+ 40. Kd3 Qd1+ 41. Ke3 Qe1+ 42. Kd3 Qd1+ $11) (36. Qxe5 Qxh2+ 37. Kd3 hxg3 $11) (36. gxh4 Qg2+ 37. Ke3 Qg1+ 38. Ke2 Qg2+ 39. Ke3 Qg1+ 40. Ke2 Qg2+ $11) 36... Kh7 37. Qe7+ (37. Qxe5 Qxh2+ 38. Kd3 hxg3 $11) (37. gxh4 Qg2+ 38. Ke3 Qg1+ 39. Kd2 Qxh2+ 40. Kd3 Qxb2 $16)) 31... Kh7 $11 32. Qxh4+ (32. Qxe6 $5 Qg2+ $8 33. Ke1 Qg1+ 34. Ke2 Qg2+ 35. Ke1 Qg1+ 36. Ke2 Qg2+ $11) 32... Kg7 33. Qh3 Ng5 34. Qd7+ Nf7 35. Rc7 Qg2+ 36. Ke1 Qxf3 37. Qd5 Kg8 38. Kd2 a5 39. Qxb5 (39. a3 $1 $14) 39... Qxe4 $11 40. Qd3 Qg2+ 41. Qe2 Bh6+ 42. Kd1 $2 (42. Ke1 $1 $11 Qh1+ 43. Qf1 Qe4+ (43... Qxh2 44. Qxf7+ Kh8 45. Qh7#) (43... Qxf1+ $2 44. Kxf1 Kg7 45. b4 $18) 44. Qe2) 42... Qg1+ 43. Kc2 a4 $1 44. Rc8+ {[%emt 0:17:34] [#]} Kg7 (44... Kh7 $1 $17 {White must now prevent ...Qc1+.} 45. Rc7 Qc1+ 46. Kd3 Qb1+ 47. Kc4 Qxa2+ 48. Kb5 Qb3+ 49. Ka6 a3 50. bxa3 Qxa3+ 51. Kb7 Bg7) 45. Rc7 $1 $11 Qc1+ 46. Kd3 Qb1+ 47. Kc4 Qxa2+ 48. Kb5 {[%emt 0:02:14] [#]} (48. Kb4 $11) 48... Qe6 (48... Qd5+ $1 $17 49. Kxa4 e4) 49. Qc4 $1 $11 Qe8+ (49... Qxc4+ 50. Kxc4 e4 51. Ra7) 50. Qc6 Qxc6+ 51. Rxc6 Bc1 52. Kxa4 Bxb2 53. Kb3 Bc1 54. Re6 Be3 55. Kc4 Bg1 56. h4 1/2-1/2

[Event "Budapest Chess Festival 2024"]
[Site "Budapest"]
[Date "2024.05.25"]
[Round "3.2"]
[White "Haring, Filip"]
[Black "Berkes, Ferenc"]
[Result "1/2-1/2"]
[ECO "C88"]
[WhiteElo "2484"]
[BlackElo "2618"]
[Annotator "TA"]
[PlyCount "24"]
[EventDate "2024.05.20"]
[EventType "swiss"]
[EventCountry "HUN"]
[SourceTitle "playchess.com"]
[Source "ChessBase"]
[SourceQuality "1"]
[TimeControl "40/5400+30:1800+30"]

1. e4 e5 2. Nf3 Nc6 3. Bb5 a6 4. Ba4 Nf6 5. O-O Be7 6. Re1 b5 7. Bb3 d6 8. a4 Bd7 9. c3 O-O 10. h3 h6 11. d4 Re8 12. Nbd2 Bf8 {[%emt 0:00:35] Not much happened in this game.   Weighted Error Value: White=0.05 (flawless) /Black=0.00 (flawless) .  OK:         	---       	Black=2} 1/2-1/2

[Event "Budapest Chess Festival 2024"]
[Site "Budapest"]
[Date "2024.05.25"]
[Round "3.3"]
[White "Kozak, Adam"]
[Black "Wadsworth, Matthew J"]
[Result "1/2-1/2"]
[ECO "C17"]
[WhiteElo "2607"]
[BlackElo "2470"]
[Annotator "TA"]
[PlyCount "165"]
[EventDate "2024.05.20"]
[EventType "swiss"]
[EventCountry "HUN"]
[SourceTitle "playchess.com"]
[Source "ChessBase"]
[SourceQuality "1"]
[TimeControl "40/5400+30:1800+30"]

1. e4 e6 2. d4 d5 3. Nc3 Bb4 4. e5 c5 5. Bd2 Ne7 6. a3 Bxc3 7. Bxc3 cxd4 8. Bxd4 Nbc6 9. Nf3 Nxd4 10. Qxd4 O-O 11. O-O-O Nc6 12. Qe3 f6 13. exf6 Qxf6 14. Bb5 Bd7 15. Rhe1 Rae8 16. Rd2 a6 17. Bxc6 Bxc6 18. Ne5 d4 19. Rxd4 Qxf2 20. Nxc6 bxc6 21. Qxf2 Rxf2 22. Rd2 Rxd2 23. Kxd2 Kf7 24. Re5 Ke7 25. Ra5 Ra8 26. b4 Kd6 27. Kd3 Kc7 28. h4 g6 29. Ke3 Kb6 30. g4 Rf8 31. h5 Rf1 32. hxg6 hxg6 33. c3 Rc1 34. Kd2 Ra1 35. Kc2 Rg1 36. Rg5 e5 37. a4 e4 38. Kd2 Rg3 39. Rxg6 Rd3+ 40. Kc2 Rg3 41. c4 Kc7 42. a5 Rg2+ 43. Kc3 e3 44. c5 Kd7 45. Kd3 e2 46. Kd2 Kc7 47. Rg7+ Kb8 48. g5 Kc8 49. Ra7 Rxg5 50. Rxa6 Kb7 51. Rb6+ Kc7 52. Kxe2 Rg2+ 53. Ke3 Ra2 54. a6 Ra1 55. Kd2 Ra3 56. Kc2 Ra2+ 57. Kb3 Ra1 58. Kc3 Ra2 59. Kb3 Ra1 60. Kb2 Ra4 $1 61. Kc2 Ra2+ 62. Kd3 Ra1 63. Kc3 (63. Ke3 $14 {is superior.}) 63... Ra2 $16 64. Kd4 Rd2+ {[%emt 0:00:52] [#]} 65. Kc4 $1 Ra2 $1 66. Rb7+ Kc8 67. Ra7 Kb8 $1 68. Rb7+ Kc8 $1 69. Ra7 (69. Kc3 $11) 69... Kb8 $1 $16 {[%emt 0:00:07] [#]} 70. Rd7 ({White should play} 70. Kb3 $1 $16 Kxa7 71. Kxa2 Kxa6 72. Kb3) 70... Rxa6 $11 71. Kd4 Kc8 72. Rf7 Ra4 73. Ke5 Rxb4 74. Kd6 Rh4 75. Rc7+ Kb8 76. Re7 $1 Kc8 77. Rc7+ Kb8 78. Rf7 Kc8 79. Re7 Rh1 80. Re2 Kb7 81. Re7+ Kc8 82. Re8+ Kb7 83. Re7+ 1/2-1/2

[Event "Budapest Chess Festival 2024"]
[Site "Budapest"]
[Date "2024.05.25"]
[Round "3.4"]
[White "Stefansson, Vignir Vatnar"]
[Black "Dragnev, Valentin"]
[Result "0-1"]
[ECO "B13"]
[WhiteElo "2463"]
[BlackElo "2566"]
[Annotator "TA"]
[PlyCount "106"]
[EventDate "2024.05.20"]
[EventType "swiss"]
[EventCountry "HUN"]
[SourceTitle "playchess.com"]
[Source "ChessBase"]
[SourceQuality "1"]
[TimeControl "40/5400+30:1800+30"]

1. e4 c6 2. d4 d5 3. exd5 cxd5 4. Bd3 Nf6 5. c3 Bg4 6. Nf3 Nc6 7. O-O e6 8. Re1 (8. h3 {might be stronger.} Bh5 9. Bf4) 8... Bd6 $11 9. h3 Bh5 10. Be3 Qb6 {[%emt 0:12:09] The position is equal.} 11. b3 Qa5 12. b4 Qc7 13. Nbd2 {[%emt 0:00:15] Against Ne4} O-O 14. Rc1 Rac8 15. Qc2 Bg6 16. Bxg6 hxg6 17. Qd3 Rfe8 18. a3 Qb8 19. Bg5 Nd7 20. c4 dxc4 $1 21. Nxc4 Bf4 (21... Nf6 $11 {is more appropriate.}) 22. Bxf4 $14 Qxf4 23. g3 Qb8 24. d5 exd5 25. Qxd5 Nf6 26. Qd6 Red8 27. Qxb8 Rxb8 28. Red1 Kf8 29. Rxd8+ Rxd8 30. Nce5 Nxe5 31. Nxe5 $11 {[%emt 0:03:11][%mdl 4096] Endgame. KRN-KRN} Ne8 {Repels Rc7} 32. f4 Ke7 33. Kf2 Nd6 34. Kf3 Rc8 35. Rxc8 Nxc8 {[%emt 0:00:01] KN-KN} 36. Nc4 Ke6 37. Ke4 Ne7 38. g4 f5+ 39. Ke3 Nd5+ 40. Kf3 Nc3 41. Ke3 Kd5 42. Kd3 Nd1 {[%emt 0:01:05] And now ...Nf2+ would win.} 43. Ne5 Nf2+ 44. Ke3 Nxh3 {[%emt 0:00:45] Strongly threatening ...g5.} 45. Kf3 $2 {[%emt 0:08:09][%mdl 8192] [#] This costs White the game.} ({Don't play} 45. g5 Nxg5 46. Nxg6 Ne4 $17) (45. gxf5 $1 $11 {and White is okay.} gxf5 46. Nf7) 45... Ng5+ $1 $19 46. Ke3 {[%emt 0:00:04][%cal Oe5g6] [#]} (46. Kg2 Ne4) 46... fxg4 $1 47. Nxg6 Nh3 {[%emt 0:01:53] Hoping for ...Kc4.} 48. f5 (48. Ne7+ $142 Ke6 49. Nc8) 48... a6 49. Nf4+ {[%emt 0:01:30] [#]} Ke5 $1 50. Nd3+ (50. Nh5) 50... Kxf5 {[%emt 0:00:57] Black is clearly winning.} 51. Nc5 g3 {[%emt 0:01:22] ( -> ...g2)} 52. Kf3 Ng5+ 53. Kg2 Ne6 {[%emt 0:00:40] Weighted Error Value: White=0.46/Black=0.06 (flawless) .  Loses game:     	White=1     	---        Mistake:       	White=2     	Black=1      Inaccurate:     	White=2     	Black=2      OK:         	White=16    	Black=14     Best:        	White=3     	Black=3      Strong:       	---       	Black=3      Brilliant:      	---       	Black=1} 0-1

[Event "Budapest Chess Festival 2024"]
[Site "Budapest"]
[Date "2024.05.25"]
[Round "3.5"]
[White "Cabarkapa, Novak"]
[Black "Kadric, Denis"]
[Result "1/2-1/2"]
[ECO "B40"]
[WhiteElo "2444"]
[BlackElo "2558"]
[Annotator "TA"]
[PlyCount "42"]
[EventDate "2024.05.20"]
[EventType "swiss"]
[EventCountry "HUN"]
[SourceTitle "playchess.com"]
[Source "ChessBase"]
[SourceQuality "1"]
[TimeControl "40/5400+30:1800+30"]

1. e4 c5 2. Nf3 e6 3. d4 cxd4 4. Nxd4 Nf6 5. Nc3 Nc6 6. Nxc6 bxc6 7. e5 Nd5 8. Ne4 Qc7 9. f4 Qb6 10. a3 Ne3 11. Qd3 Nxf1 12. Rxf1 {[%emt 0:00:03] White is slightly better.} Ba6 13. c4 f5 14. exf6 {[%emt 0:00:04] Hoping for Qc3.} d5 {[%emt 0:00:02] [#]} 15. f7+ Kxf7 $11 {[%emt 0:00:02] The position is equal.} 16. f5 h6 $36 {[%emt 0:00:05][%cal Oa6c4][%mdl 2048] ...Bxc4! would now be deadly. Black fights for an advantage.} (16... dxe4 17. Qd7+ Be7 18. fxe6+ Kg8 19. Qxe7 $18) 17. Qg3 {[%emt 0:00:08] Dancing on a razor blade.} dxe4 18. Qg6+ $1 Kg8 19. Qxe6+ Kh7 {[%emt 0:00:02] [#] And now ...Rg8 would win.} 20. Qg6+ Kg8 21. Qe6+ Kh7 {Weighted Error Value: White=0.11 (very precise) /Black=0.11 (very precise) .  Mistake:       	White=1     	---        Inaccurate:     	---       	Black=1      OK:         	White=4     	Black=2      Best:        	White=3     	Black=4      Strong:       	White=1     	---} 1/2-1/2